 Dungeon Crawl Stone Soup version 0.20.0-8-g6b59dc7 (webtiles) character file.

142 Chiseanne the Chucker (level 5, -2/55 HPs)
             Began as an Ogre Hunter on May 30, 2017.
             Slain by a goblin
             ... wielding a +0 club
             ... led by Robin
              (3 damage)
             ... on level 2 of the Dungeon.
             The game lasted 00:03:32 (2193 turns).

Chiseanne the Chucker (Ogre Hunter)                 Turns: 2193, Time: 00:03:33

Health: -2/55      AC:  3    Str: 16    XL:     5   Next: 25%
Magic:  5/5        EV: 10    Int: 14    God:
Gold:   51         SH:  0    Dex: 10    Spells: 4/4 levels left

rFire    . . .     SeeInvis .   a - +0 hand axe
rCold    . . .     Gourm    .   (no shield)
rNeg     . . .     Faith    .   b - +0 robe
rPois    .         Spirit   .   (helmet restricted)
rElec    .         Reflect  .   (no cloak)
rCorr    .         Harm     .   (gloves unavailable)
MR       +....     Rnd*Rage +   (boots unavailable)
Stlth    +.........             (no amulet)
Regen    0.2/turn               (no ring)
MPRegen  0.1/turn               (no ring)

@: no status effects
A: unfitting armour, berserk 1, clever 1, magic resistance 1, screaming 1, tough
skin 1
a: no special abilities


You were on level 2 of the Dungeon.
You were not hungry.

You visited 1 branch of the dungeon, and saw 2 of its levels.

You collected 51 gold pieces.

Inventory:

Hand Weapons
 a - a +0 hand axe (weapon)
Missiles
 c - 2 large rocks (quivered)
 d - 2 throwing nets
 g - 56 stones
 o - 20 bolts
 t - 21 sling bullets
Armour
 b - a +0 robe (worn)
Jewellery
 j - a cursed amulet of harm {unknown}
 q - a cursed ring of teleportation {unknown}
Scrolls
 e - a scroll of remove curse {unknown}
 h - 2 scrolls of identify {unknown}
 i - a scroll of enchant weapon {unknown}
 m - a scroll of fog {unknown}
 r - a scroll of immolation {unknown}
Potions
 n - a potion of flight
Comestibles
 f - 2 bread rations
 v - a chunk of flesh


   Skills:
 * Level 4.5 Fighting
 * Level 5.0 Throwing
 * Level 2.9 Dodging
 - Level 0.6 Stealth


You had 4 spell levels left.
You didn't know any spells.

Dungeon Overview and Level Annotations

Branches:
Dungeon (2/15)

Altars:
Ru


Innate Abilities, Weirdness & Mutations

You are too large for most types of armour.
You have tough skin. (AC +1)
You tend to lose your temper in combat.
Your mind is acute. (Int +2)
You are resistant to hostile enchantments. (MR+)
You occasionally shout uncontrollably at your foes.


Message History

* * * LOW HITPOINT WARNING * * *
The goblin hits you but does no damage. Robin hits you but does no damage.
Throwing (i - inventory. (,) - cycle):
c - 4 large rocks (quivered)
Press: ? - help, Shift-Dir - straight line, f/p - Robin
Aim: Robin, wielding a club, wearing an animal skin and wearing a glowing helmet (lightly wounded)
You throw a large rock. The large rock hits Robin!
Robin is almost dead.
The hobgoblin closely misses you. The goblin completely misses you.
Robin hits you with a club.
* * * LOW HITPOINT WARNING * * *
The hobgoblin closely misses you.
Throwing (i - inventory. (,) - cycle):
c - 3 large rocks (quivered)
Press: ? - help, Shift-Dir - straight line, f/p - Robin
Aim: Robin, wielding a club, wearing an animal skin and wearing a glowing helmet (almost dead)
You throw a large rock. The large rock hits Robin.
You kill Robin!
The goblin hits you with a club.
* * * LOW HITPOINT WARNING * * *
The goblin hits you with a club.
You die...

#............+ .. .
#............# #
#......)..####.. ###
#............... #..
########'#.##### #.#
#.#.# #.#
####'#'#########.# # #
#...........gg.#g#.#...#
#.#.#.......@#.)ggg.._..
#..........g.###.#g#...#
#.#.#........# #.# # #
#.....###+#### #.#
#.#..## #.# #.##.# #..
#....# ### ....)...#
#########


You could see a hobgoblin and 2 goblins.

Vanquished Creatures
  A bullfrog skeleton (D:1)
  Jessica (D:2)
  Robin (D:2)
  2 adders
  2 dart slugs (D:1)
  2 leopard geckos (D:1)
  A ball python (D:2)
  2 giant cockroaches
  10 goblins
  6 hobgoblins
  2 jackals (D:1)
  10 bats
  2 frilled lizards (D:1)
  8 kobolds
  5 rats
55 creatures vanquished.

Notes
Turn   | Place    | Note
-------+----------+-------------------------------------------
     0 | D:1      | Chiseanne the Ogre Hunter began the quest for the Orb.
     0 | D:1      | Reached XP level 1. HP: 22/22 MP: 1/1
    85 | D:1      | Reached XP level 2. HP: 14/31 MP: 2/2
   923 | D:1      | Reached XP level 3. HP: 32/37 MP: 3/3
  1156 | D:1      | Reached XP level 4. HP: 41/48 MP: 4/4
  2132 | D:2      | Noticed Jessica
  2132 | D:2      | Killed Jessica
  2132 | D:2      | Reached skill level 5 in Throwing
  2132 | D:2      | Reached XP level 5. HP: 55/55 MP: 5/5
  2152 | D:2      | Found a sacrificial altar of Ru.
  2157 | D:2      | Noticed Robin
  2173 | D:2      | Gained mutation: Your mind is acute. (Int +2) [potion of mutation]
  2173 | D:2      | Gained mutation: You tend to lose your temper in combat. [potion of mutation]
  2173 | D:2      | Gained mutation: You occasionally shout uncontrollably at your foes. [potion of mutation]
  2173 | D:2      | Gained mutation: You are resistant to hostile enchantments. (MR+) [potion of mutation]
  2192 | D:2      | HP: 2/55 [Robin/club (1)]
  2193 | D:2      | Killed Robin
  2193 | D:2      | Slain by a goblin

Skill      XL: |  1  2  3  4 |
---------------+-------------+-----
Dodging        | 2 |  2.9
Fighting       | 3 4 |  4.5
Throwing       | 5 |  5.0
Stealth        | |  0.6

Action                   |  1- 3 |  4- 6 || total
-------------------------+-------+-------++-------
Melee: Short sword       |   109 |    72 ||   181
       Hand axe          |       |    29 ||    29
Throw: Large rock        |       |     6 ||     6
  Use: Potion            |       |     5 ||     5
 Stab: Sleeping          |     1 |     1 ||     2
  Eat: Chunk             |       |     4 ||     4
Armor: Robe              |    38 |    34 ||    72
Dodge: Dodged            |    74 |    92 ||   166
